 Seeded DCSS version 0.30.0-10-gfe55d96785 (webtiles) character file.

Game seed: 5 (custom seed)

4 Kazon the Conjurer (level 1, -1/13 HPs)
             Began as a Human Conjurer on May 15, 2023.
             Slain by a jackal (3 damage)
             ... on level 1 of the Dungeon.
             The game lasted 00:01:48 (257 turns).

Kazon the Conjurer (Human Conjurer)                  Turns: 257, Time: 00:01:49

Health: -1/13      AC:  2    Str:  7    XL:     1   Next: 66%
Magic:  2/3        EV:  4    Int: 18    God:
Gold:   40         SH:  9    Dex: 11    Spells: 3/4 levels left

rFire   . . .        d - +0 hand axe
rCold   . . .        c - +0 tower shield
rNeg    . . .        a - +0 robe
rPois   .            (no helmet)
rElec   .            (no cloak)
rCorr   .            (no gloves)
SInv    .            (no boots)
Will    .....        (no amulet)
Stlth   ++           (no ring)
HPRegen 0.22/turn    (no ring)
MPRegen 0.08/turn

%: no passive effects
@: very slightly contaminated
A: no striking features
a: no special abilities


You were on level 1 of the Dungeon.
You visited 1 branch of the dungeon, and saw 1 of its levels.

You collected 40 gold pieces.

Inventory:

Hand Weapons
 d - a +0 hand axe (weapon)
 h - a +0 dagger
Missiles
 e - 3 boomerangs
Armour
 a - a +0 robe (worn)
 c - a +0 tower shield (worn)
Potions
 b - a potion of magic
 f - 2 potions of curing {unknown}
 g - a potion of resistance {unknown}


   Skills:
 + Level 2.0 Dodging
 + Level 2.0 Stealth
 + Level 2.0 Spellcasting
 + Level 4.2 Conjurations


You had 3 spell levels left.
You knew the following spells:

 Your Spells              Type           Power      Damage    Failure   Level
a - Magic Dart            Conj           64%        1d6       99%         1

Your spell library contained the following spells:

 Spells                   Type           Power      Damage    Failure   Level
 Searing Ray              Conj           32%        2d5       99%         2
 Dazzling Flash           Conj/Hex       18%        N/A       100%        3
 Fulminant Prism          Conj/Hex       4%         3d5       100%        4
 Iskenderun's Mystic Bla  Conj/Tloc      9%         2d4       100%        4


Dungeon Overview and Level Annotations

Branches:
Dungeon (1/15)

Altars:


Message History

Okay, then.
Adjust to which letter? (? for menu, Esc to quit)
c - a +0 tower shield;
h - a +0 dagger You start putting on your armour.
You continue putting on your +0 tower shield. x4
You finish putting on your +0 tower shield.
You open the door. 4 jackals come into view.
The jackal barks! x2
Found a scroll labelled FONWUV KIWOG.
There is an open door here.
The jackal attacks as you move away!
The jackal bites you but does no damage.
You miss the jackal. The jackal bites you. You block the jackal's attack. x2
You closely miss the jackal. The jackal completely misses you.
The jackal barely misses you. You block the jackal's attack.
You barely miss the jackal. You block the jackal's attack.
The jackal bites you.
Aiming: Magic Dart (safe; 99% risk of failure)
Press: ? - help, Q - select action, (/) - cycle Shift-Dir - straight line, f - jackal
Aim: a jackal (100% to hit)
You miscast Magic Dart.
You are very lightly contaminated with residual magic.
Nothing appears to happen.
The jackal barks!
The jackal bites you. x2
You closely miss the jackal. You block the jackal's attack.
The jackal bites you. x2
You hit the jackal.
The jackal is heavily wounded.
You block the jackal's attack.
The jackal bites you but does no damage.
You barely miss the jackal.
The jackal is heavily wounded.
You block the jackal's attack. The jackal bites you. x2
* * * LOW HITPOINT WARNING * * *
You hit the jackal.
You kill the jackal!
The jackal bites you.
You die...

...#.#...#
#....... ##
....>....###......
#.
#..#.#...+........
##.
#........###...##
..
#...............#
###
########........##
#.. #.........#
##.~ #########.#
..~. #@# ~~.. #h#
.... #...hh...#
~~~~ #........#
.... #...........
..## #.........##
. #.........#
#.........#
#?######..#


You could see 3 jackals.

Vanquished Creatures
  An endoplasm (D:1)
  A goblin (D:1)
  A jackal (D:1)
  A ball python (D:1)
  A frilled lizard (D:1)
5 creatures vanquished.

Notes
Turn   | Place    | Note
-------+----------+-------------------------------------------
     0 | D:1      | Kazon the Human Conjurer began the quest for the Orb.
     0 | D:1      | Reached XP level 1. HP: 13/13 MP: 3/3
   257 | D:1      | Slain by a jackal

Illustrated notes

Levels and vault maps discovered:
D:1:      ebering_trefoil_3fold, layout_basic, st_stairs_14, serial_bayou_ford_a

Action                     || total
---------------------------++-------
  Melee: Hand axe          ||     7
         Unarmed           ||     1
   Cast: Magic Dart        ||     6
 Armour: Robe              ||     2
  Dodge: Dodged            ||     5
  Block: Tower shield      ||     7
